[Event "SixDays Budapest IM-A January 2024"]
[Site "Budapest"]
[Date "2024.01.29"]
[Round "4.1"]
[White "Kuru, Atilla"]
[Black "Lim, Zhuo Ren"]
[Result "1/2-1/2"]
[ECO "B94"]
[WhiteElo "2220"]
[BlackElo "2218"]
[Annotator "RC"]
[PlyCount "113"]
[EventDate "2024.01.26"]
[EventType "tourn"]
[EventCountry "HUN"]
[SourceTitle "playchess.com"]
[Source "ChessBase"]
[SourceQuality "1"]
[TimeControl "5400+30"]

1. e4 c5 2. Nf3 d6 3. d4 cxd4 4. Nxd4 Nf6 5. Nc3 a6 6. Bg5 Nbd7 7. f4 Qc7 8. Qe2 e6 9. O-O-O b5 10. g4 Bb7 11. Bg2 Qc4 12. Qxc4 bxc4 13. Bf3 Be7 14. Rhe1 h6 15. Bxf6 gxf6 16. Be2 Rc8 17. f5 e5 18. Nf3 Rg8 19. Nd2 Nb6 20. Nf1 h5 21. gxh5 Bf8 22. Bf3 Bh6+ 23. Kb1 Ke7 24. Ne3 Bf4 25. Ng4 Nd7 26. Ne3 Nb6 27. Ng4 Nd7 28. Re2 Rg5 29. Ne3 Nb6 30. a4 Rc5 31. Ka2 Rg8 32. Ka3 Bc6 33. Rg2 Rb8 34. Ned5+ Bxd5 35. Nxd5+ Nxd5 36. Rxd5 Rc7 37. c3 Rcb7 38. Rd1 Bh6 39. Ka2 Rb6 40. Rc2 Rc6 41. Kb1 Rc5 42. Rd5 Rc6 43. Rg2 Rcb6 44. Bd1 Bf4 45. h3 Bg5 46. a5 R6b7 47. Ba4 Rh8 48. Bd1 Rhb8 49. Ba4 Rh8 50. Rg1 Rhb8 51. b4 cxb3 52. Rgd1 Rd8 53. Kb2 Be3 54. R5d3 Bc5 55. Rg3 Rh8 56. Bc6 Rbb8 57. Bd5 1/2-1/2

[Event "SixDays Budapest IM-A January 2024"]
[Site "Budapest"]
[Date "2024.01.29"]
[Round "4.2"]
[White "Szalay-Ocsak, Bank"]
[Black "Polyik, Peter"]
[Result "0-1"]
[ECO "A01"]
[WhiteElo "2165"]
[BlackElo "2289"]
[Annotator "RC"]
[PlyCount "80"]
[EventDate "2024.01.26"]
[EventType "tourn"]
[EventCountry "HUN"]
[SourceTitle "playchess.com"]
[Source "ChessBase"]
[SourceQuality "1"]
[TimeControl "5400+30"]

1. b3 e5 2. Bb2 Nc6 3. e3 Nf6 4. Nf3 e4 5. Nd4 h5 6. Nxc6 dxc6 7. c4 Bf5 8. Qc2 h4 9. h3 Rh6 10. Nc3 Qd7 11. O-O-O O-O-O 12. g4 hxg3 13. fxg3 Re8 14. d3 Qe6 15. d4 c5 16. Ne2 g5 17. d5 Qd7 18. Bg2 Bd6 19. g4 Bh7 20. Rhf1 Qe7 21. Qc3 Ng8 22. Rf2 f5 23. gxf5 Rf6 24. Rdf1 Ref8 25. Kd2 a6 26. a3 Nh6 27. Qc2 Rxf5 28. Rxf5 Bxf5 29. Nc3 Re8 30. Qd1 Bg6 31. Qe2 Be5 32. Kc2 Qg7 33. Rf2 Kb8 34. Qf1 g4 35. Nd1 Bxb2 36. Nxb2 Nf5 37. Nd1 Nd4+ 38. exd4 e3+ 39. Kc1 exf2 40. Qxf2 gxh3 0-1

[Event "SixDays Budapest IM-A January 2024"]
[Site "Budapest"]
[Date "2024.01.29"]
[Round "4.3"]
[White "Hacker, Jonas"]
[Black "Vetokhina, Sofia"]
[Result "1-0"]
[ECO "C50"]
[WhiteElo "2420"]
[BlackElo "2020"]
[Annotator "TA"]
[PlyCount "69"]
[EventDate "2024.01.26"]
[EventType "tourn"]
[EventCountry "HUN"]
[SourceTitle "playchess.com"]
[Source "ChessBase"]
[SourceQuality "1"]
[TimeControl "5400+30"]

1. e4 e5 2. Nf3 Nc6 3. Bc4 Nf6 4. d3 Bc5 5. O-O d6 6. c3 a5 7. h3 O-O 8. Bb3 Be6 {[%emt 0:05:49] The position is equal.} 9. Bc2 {[%emt 0:01:54] [#] aiming for d4.} Bb6 10. d4 Bc4 11. Re1 Nd7 (11... Re8 $14) 12. Be3 ({White should try} 12. d5 $16) 12... exd4 13. Nxd4 ({Better is} 13. cxd4 $16 Nb4 14. Nc3) 13... Qf6 14. Nd2 Ba6 15. N2f3 h6 {[%emt 0:07:00] Dodges Bg5} 16. Ba4 ({White should play} 16. Nf5 $14) 16... Nce5 17. Bxd7 Nxd7 18. Nf5 Bxe3 19. Rxe3 Kh7 20. Nh2 Ne5 (20... Rae8 $11) 21. Rg3 (21. f4 $1 $14 Ng6 22. Ng4) 21... g6 $11 22. Ne3 c6 23. Neg4 Nxg4 (23... Qf4 $1 $11 {keeps the balance.}) 24. Nxg4 $16 Qe6 25. Qd2 $36 {[%emt 0:08:32][%mdl 2048] Black is under strong pressure.} g5 26. Rf3 f6 27. Qc2 Kg7 28. Ne3 h5 29. Nf5+ Kf7 30. Nd4 Qc4 {[%emt 0:01:22] [#]} (30... Qe7 31. h4 Rae8) 31. e5 Ke7 (31... dxe5 $142 32. Qh7+ Ke8) 32. exf6+ $18 {[%emt 0:02:04] White is clearly winning.} Kd7 33. Qf5+ Kc7 34. b3 Qf7 35. Ne6+ {[%emt 0:00:15] Weighted Error Value: White=0.33/Black=0.24 (precise) .  Mistake:       	White=4     	Black=5      Inaccurate:     	White=2     	Black=4      OK:         	White=8     	Black=6      Best:        	White=1     	Black=2} 1-0

[Event "SixDays Budapest IM-A January 2024"]
[Site "Budapest"]
[Date "2024.01.29"]
[Round "4.5"]
[White "Cieslak, Patryk"]
[Black "Orso, Miklos"]
[Result "1/2-1/2"]
[ECO "B32"]
[WhiteElo "2284"]
[BlackElo "2172"]
[Annotator "RC"]
[PlyCount "47"]
[EventDate "2024.01.26"]
[EventType "tourn"]
[EventCountry "HUN"]
[SourceTitle "playchess.com"]
[Source "ChessBase"]
[SourceQuality "1"]
[TimeControl "5400+30"]

1. e4 c5 2. Nf3 Nc6 3. d4 cxd4 4. Nxd4 e5 5. Nb5 d6 6. N1c3 a6 7. Na3 Be6 8. Nc4 Rb8 9. Ne3 Nf6 10. Ned5 Bxd5 11. exd5 Nd4 12. Be3 Nf5 13. Bg5 Be7 14. Bxf6 Bxf6 15. Bd3 Ne7 16. O-O g6 17. Ne4 Bg7 18. c4 O-O 19. Qb3 Nc8 20. f3 f5 21. Nf2 Kh8 22. Kh1 Ne7 23. Rad1 Ng8 24. Qc2 1/2-1/2

[Event "SixDays Budapest IM-A January 2024"]
[Site "Budapest"]
[Date "2024.01.29"]
[Round "5.1"]
[White "Orso, Miklos"]
[Black "Kuru, Atilla"]
[Result "0-1"]
[ECO "D11"]
[WhiteElo "2172"]
[BlackElo "2220"]
[Annotator "TA"]
[PlyCount "76"]
[EventDate "2024.01.26"]
[EventType "tourn"]
[EventCountry "HUN"]
[SourceTitle "playchess.com"]
[Source "ChessBase"]
[SourceQuality "1"]
[TimeControl "5400+30"]

1. d4 d5 2. c4 c6 3. Nf3 e6 4. cxd5 exd5 5. Nc3 Nf6 6. Bg5 Be7 7. e3 h6 8. Bxf6 Bxf6 9. b4 O-O 10. Bd3 Bg4 11. h3 Bxf3 12. Qxf3 {[%emt 0:00:22] The position is equal.} Qd6 13. Rb1 Nd7 14. O-O $40 {[%emt 0:04:43][%mdl 128] White is up to no good.} a5 15. b5 a4 16. Rfc1 Rfc8 17. Qd1 (17. Bf5 $16) 17... a3 (17... g6 $14) 18. bxc6 bxc6 19. Bf5 {[%emt 0:07:13] Na4 would now be deadly.} Rcb8 20. Na4 {[%emt 0:09:14] Black must now prevent Bxd7.} Nf8 21. Qc2 {[%emt 0:14:58] Strongly threatening Rxb8.} Rb4 {[%emt 0:05:26] [#]} (21... Rxb1 $14 22. Rxb1 g6) 22. Nc5 (22. Qxc6 $2 Qxc6 23. Rxc6 Rxb1+ (23... Rbxa4 $2 24. Rb5 $19) (23... Raxa4 $2 24. Rxb4 Rxb4 25. Ra6 $19) 24. Bxb1 Rxa4 $19) ({White should play} 22. Rxb4 $1 $16 Qxb4 23. Nc5 (23. Qxc6 $2 Rxa4 24. Qxd5 Ra7 $19)) 22... Rc4 23. Qe2 Rxc1+ 24. Rxc1 Ne6 ({Black should try} 24... Be7 $14) 25. Bxe6 $16 fxe6 26. f4 Rb8 (26... Qe7 $16 27. Qd3 Qf7) 27. Qd3 Kh8 (27... Qd8 $142 28. Qxa3 (28. Nxe6 Qc8 $18) 28... Be7) 28. Rc3 Qe7 29. Rxa3 e5 30. fxe5 Bxe5 31. Rb3 $2 (31. Na6 $1 $18 {[%cal Ra6b8] and the rest is easy.} Bd6 32. Nxb8 Bxa3 33. Nxc6) 31... Rxb3 32. Nxb3 {[%emt 0:01:19][%mdl 4096] Endgame. KQB-KQN} Bd6 33. Nd2 ({Better is} 33. a4 $16) 33... c5 $1 $11 34. dxc5 Bxc5 35. Nf1 (35. Qxd5 Qxe3+ 36. Kh2 Qg1+ 37. Kg3 Qe1+ 38. Kg4 Qe2+ 39. Nf3 Qxg2+ 40. Kf4 Qf2 $11) 35... Qd7 36. a4 d4 {[%emt 0:00:21][%cal Od4e3] Hoping for ...dxe3!} 37. a5 $2 (37. Qc4 $11 dxe3 38. Qxc5) 37... dxe3 $19 38. Qe2 {[%emt 0:03:29] [#]} (38. Qxd7 $19 e2+ 39. Kh2 exf1=Q (39... exf1=R $2 {perishes.} 40. Qc8+ Bf8 41. a6 $18) 40. Qc8+ Qf8 41. Qxf8+ Bxf8 42. Kg3) 38... Qd1 $3 {[%emt 0:00:07][%mdl 512] Never resign too early!   Weighted Error Value: White=0.62/Black=0.29 (precise) .  Loses game:     	White=1     	---        Missed win:     	White=1     	---        Mistake:       	White=4     	Black=5      Inaccurate:     	White=3     	Black=7      OK:         	White=8     	Black=5      Best:        	White=1     	Black=1      Strong:       	---       	Black=1      Brilliant:      	---       	Black=1} 0-1

[Event "SixDays Budapest IM-A January 2024"]
[Site "Budapest"]
[Date "2024.01.29"]
[Round "5.2"]
[White "Balla, Tamas-Kristof"]
[Black "Cieslak, Patryk"]
[Result "1/2-1/2"]
[ECO "A05"]
[WhiteElo "2283"]
[BlackElo "2284"]
[Annotator "TA"]
[PlyCount "32"]
[EventDate "2024.01.26"]
[EventType "tourn"]
[EventCountry "HUN"]
[SourceTitle "playchess.com"]
[Source "ChessBase"]
[SourceQuality "1"]
[TimeControl "5400+30"]

1. Nf3 Nf6 2. b3 d5 3. Bb2 e6 4. e3 Bd6 5. c4 O-O 6. d4 b6 7. Bd3 Bb7 8. O-O Nbd7 9. Nbd2 c5 10. Qe2 Qc7 11. cxd5 exd5 12. dxc5 bxc5 {[%emt 0:00:53] The position is equal.} 13. Ba6 Bc6 14. Bb5 Bb7 15. Ba6 Bc6 16. Bb5 Bb7 {[%emt 0:01:10] A rather calm draw.   Weighted Error Value: White=0.06 (flawless) /Black=0.09 (flawless) .  OK:         	White=3     	---} 1/2-1/2

[Event "SixDays Budapest IM-A January 2024"]
[Site "Budapest"]
[Date "2024.01.29"]
[Round "5.3"]
[White "Vetokhina, Sofia"]
[Black "Urhegyi, Marton"]
[Result "0-1"]
[ECO "D37"]
[WhiteElo "2020"]
[BlackElo "2255"]
[Annotator "TA"]
[PlyCount "126"]
[EventDate "2024.01.26"]
[EventType "tourn"]
[EventCountry "HUN"]
[SourceTitle "playchess.com"]
[Source "ChessBase"]
[SourceQuality "1"]
[TimeControl "5400+30"]

1. d4 d5 2. c4 e6 3. Nc3 Nf6 4. Nf3 Be7 5. e3 O-O 6. Be2 b6 7. O-O Bb7 8. Qc2 Nbd7 9. b3 c5 10. cxd5 {[%emt 0:08:49] The position is equal.} Nxd5 11. Nxd5 Bxd5 12. Bb2 Rc8 13. Qd1 Qc7 14. Ba6 Rcd8 15. Rc1 Qb8 16. Bd3 cxd4 17. Nxd4 Bf6 18. Qe2 Qa8 19. Qh5 g6 20. Qh3 Rc8 21. f4 (21. f3 $11) 21... Rxc1 22. Rxc1 Rc8 {[%emt 0:02:32] Repels Rc7} 23. Rxc8+ Qxc8 24. Qg4 Nc5 25. Bb1 Ne4 26. Qe2 Qc5 (26... Nc3 $15 27. Qc2 Bxd4 28. exd4 Be4 29. Qxc3 Qxc3 30. Bxc3 Bxb1) 27. Bxe4 $1 $14 Bxe4 28. Qd2 ({Better is} 28. Nxe6 $1 $14 Qf5 29. Bxf6 Qxe6 30. Be5) 28... Qd5 $15 29. Bc3 e5 30. Ne2 Bxg2 {[%emt 0:04:48] This pair of bishops is nice.} 31. Qxd5 Bxd5 32. fxe5 {[%emt 0:01:00][%mdl 4096] Endgame. KBB-KBN} Be7 33. Nd4 h5 34. Nb5 a6 35. Nd6 Kf8 36. Bd4 Bd8 37. Kf2 b5 38. Bc5 Kg7 39. Bd4 Kh6 40. e4 Be6 41. Be3+ Kg7 (41... g5 $17 42. Nb7 Bc7) 42. Bd4 g5 43. Nb7 Be7 44. Nc5 {[%emt 0:00:05] [#]} Bc8 $1 45. b4 (45. Nd3 $142) 45... Kg6 $17 46. Be3 g4 47. Nd3 h4 48. Nf4+ Kg7 49. Nd5 Bd8 50. a3 Be6 {[%emt 0:00:34] Strongly threatening ...Bxd5.} 51. Nf4 Kg8 52. Nh5 Kh7 53. Nf6+ Kg6 54. Bd4 Bc8 55. Ne8 $2 {[%emt 0:00:15] [#] This costs White the game.} ({White should try} 55. Ke3 $15) 55... Bg5 $1 $19 56. Bb2 $2 (56. Nc7) 56... Bf4 57. Kg2 h3+ 58. Kg1 Be3+ 59. Kf1 {[%emt 0:00:22] [#]} g3 $1 {[%emt 0:00:40][%mdl 512] Black mates.} 60. hxg3 Bg4 61. Bc1 {[%emt 0:01:52] [#]} Bf3 $1 62. Bxe3 h2 $1 (62... Bxe4 $2 {loses.} 63. Kg1 $18) 63. Ke1 h1=Q+ {[%emt 0:00:08] Weighted Error Value: White=0.40/Black=0.14 (very precise) .  Loses game:     	White=1     	---        Mistake:       	White=4     	Black=2      Inaccurate:     	White=5     	Black=3      OK:         	White=18    	Black=17     Best:        	White=2     	Black=3      Strong:       	White=1     	Black=2} 0-1

[Event "SixDays Budapest IM-A January 2024"]
[Site "Budapest"]
[Date "2024.01.29"]
[Round "5.4"]
[White "Polyik, Peter"]
[Black "Hacker, Jonas"]
[Result "1/2-1/2"]
[ECO "A13"]
[WhiteElo "2289"]
[BlackElo "2420"]
[Annotator "TA"]
[PlyCount "38"]
[EventDate "2024.01.26"]
[EventType "tourn"]
[EventCountry "HUN"]
[SourceTitle "playchess.com"]
[Source "ChessBase"]
[SourceQuality "1"]
[TimeControl "5400+30"]

1. c4 e6 2. g3 d5 3. Nf3 Nf6 4. Bg2 dxc4 5. Qa4+ Bd7 6. Qxc4 c5 7. Ne5 Qc8 8. O-O {[%emt 0:03:00] The position is equal.} Nc6 9. Nxd7 (9. d4 {with more complications.} cxd4 10. Bxc6 Bxc6 11. Rd1) 9... Qxd7 10. Nc3 Rc8 11. d3 Nd4 {[%emt 0:05:17] [#] ...b5 would now be deadly.} 12. a4 Be7 13. a5 O-O 14. Qa4 Rfd8 15. Rd1 b5 16. axb6 axb6 17. Qxd7 Rxd7 18. Kf1 b5 19. Bg5 ({White should play} 19. Ra6 $11) 19... h6 {[%emt 0:04:21] Weighted Error Value: White=0.11 (very precise) /Black=0.05 (flawless) .  Mistake:       	White=1     	---        Inaccurate:     	---       	Black=2      OK:         	White=5     	Black=6      Best:        	White=1     	---} 1/2-1/2

[Event "SixDays Budapest IM-A January 2024"]
[Site "Budapest"]
[Date "2024.01.29"]
[Round "5.5"]
[White "Lim, Zhuo Ren"]
[Black "Szalay-Ocsak, Bank"]
[Result "1/2-1/2"]
[ECO "A37"]
[WhiteElo "2218"]
[BlackElo "2165"]
[Annotator "TA"]
[PlyCount "44"]
[EventDate "2024.01.26"]
[EventType "tourn"]
[EventCountry "HUN"]
[SourceTitle "playchess.com"]
[Source "ChessBase"]
[SourceQuality "1"]
[TimeControl "5400+30"]

1. Nf3 c5 2. c4 Nc6 3. Nc3 g6 4. g3 Bg7 5. Bg2 d6 6. O-O e6 7. a3 Nge7 8. Rb1 b6 9. d3 Bb7 10. Bd2 O-O 11. b4 Qd7 12. Qc1 Nf5 13. e3 Rac8 14. Rd1 {[%emt 0:01:39] The position is equal.} Rfd8 15. bxc5 dxc5 16. Be1 Qe7 17. Ne4 Nd6 18. Nxd6 Rxd6 19. Bc3 Rcd8 20. Qb2 Bxc3 (20... Rxd3 $2 {loses.} 21. Rxd3 Rxd3 22. Bxg7 $18) 21. Qxc3 Qd7 22. Ne1 Qe7 {[%emt 0:09:32] Weighted Error Value: White=0.13 (very precise) /Black=0.09 (flawless) .  Inaccurate:     	White=2     	Black=3      OK:         	White=6     	Black=5      Best:        	---       	Black=1} 1/2-1/2

[Event "SixDays Budapest IM-A January 2024"]
[Site "Budapest"]
[Date "2024.01.30"]
[Round "6.1"]
[White "Kuru, Atilla"]
[Black "Szalay-Ocsak, Bank"]
[Result "1-0"]
[ECO "B23"]
[WhiteElo "2220"]
[BlackElo "2165"]
[Annotator "TA"]
[PlyCount "61"]
[EventDate "2024.01.26"]
[EventType "tourn"]
[EventCountry "HUN"]
[SourceTitle "playchess.com"]
[Source "ChessBase"]
[SourceQuality "1"]
[TimeControl "5400+30"]

1. e4 c5 2. Nc3 d6 3. d4 cxd4 4. Qxd4 Nc6 5. Qd2 Nf6 6. b3 g6 (6... e6 $11) 7. Bb2 $14 Bg7 8. O-O-O {[%emt 0:00:08] White is slightly better.} O-O 9. f3 Be6 10. g4 a5 11. a4 (11. Kb1 $14) 11... Nb4 12. Nge2 Rc8 {[%emt 0:08:58][%cal Ob7b5] Strongly threatening ...b5!} 13. Kb1 $1 Rc5 14. Nd4 Qc8 (14... Qb6 $1 $11 {keeps the balance.}) 15. h4 h5 16. g5 $36 {[%emt 0:01:19][%mdl 2048] White is pushing.} Nd7 17. f4 {[%emt 0:02:33] Dodges Ne5} (17. Rc1 $14) 17... Bg4 $11 {[%emt 0:00:58][%cal Og7d4] [#] Threatens to win with ...Bxd4!} 18. Rc1 e5 19. Ndb5 exf4 20. Nxd6 (20. Nd5 $1 $11 Nxd5 21. Bxg7 Kxg7 22. exd5) 20... Qb8 $17 {[%emt 0:00:39] Hoping for ...Bxc3.} 21. Ncb5 (21. Nc4 $17) 21... Ne5 $2 (21... Bxb2 $19 22. Kxb2 Ne5 (22... f3 23. Rh2 $15)) 22. Qxf4 $16 {[%emt 0:06:36] White is more active.} Be6 (22... b6 $16) 23. Bd4 Rfc8 {[%emt 0:00:07] Black cannot hold the game after this.} (23... b6 $16 24. Be2 Rd8) 24. Nxc8 Qxc8 25. Rh2 Qc6 26. Bxc5 Qxc5 27. Bh3 {[%emt 0:00:11] [#] Black must now prevent Bxe6.} Bxh3 (27... Bc4 28. Qf2 (28. bxc4 Qxc4 29. Rd1 Qa2+ 30. Kc1 Nc4 $18) 28... Qc6) 28. Rxh3 $18 {[%emt 0:00:31] White is clearly winning.} Nec6 29. c3 Be5 30. Qd2 Na6 31. Rf1 {[%emt 0:00:24] Weighted Error Value: White=0.29 (precise) /Black=0.76.  Loses game:     	---       	Black=1      Missed win:     	---       	Black=1      Mistake:       	White=4     	Black=4      Inaccurate:     	White=1     	Black=2      OK:         	White=8     	Black=6      Best:        	---       	Black=3      Strong:       	White=1     	---} 1-0

[Event "SixDays Budapest IM-A January 2024"]
[Site "Budapest"]
[Date "2024.01.30"]
[Round "6.2"]
[White "Hacker, Jonas"]
[Black "Lim, Zhuo Ren"]
[Result "1/2-1/2"]
[ECO "B31"]
[WhiteElo "2420"]
[BlackElo "2218"]
[Annotator "TA"]
[PlyCount "128"]
[EventDate "2024.01.26"]
[EventType "tourn"]
[EventCountry "HUN"]
[SourceTitle "playchess.com"]
[Source "ChessBase"]
[SourceQuality "1"]
[TimeControl "5400+30"]

1. e4 c5 2. Nf3 Nc6 3. Bb5 g6 4. O-O Bg7 5. c3 Nf6 6. Re1 O-O 7. d4 d5 8. e5 Ne4 9. Bxc6 bxc6 10. Be3 Rb8 11. Qc1 cxd4 12. cxd4 {[%emt 0:00:17] The position is equal.} Bf5 13. Nc3 f6 14. h3 Qd7 15. exf6 exf6 16. Nxe4 dxe4 17. Nd2 g5 18. Nb3 Bg6 19. Nc5 Qd5 20. Nb3 h6 21. h4 Rf7 22. hxg5 fxg5 (22... hxg5 $15 23. Qc5 Qxc5 24. dxc5 Bf8) 23. Qc5 Qxc5 24. Nxc5 Rxb2 25. Reb1 Rb6 (25... Rc2 $5) 26. Rb3 Re7 27. Rab1 Rxb3 28. Rxb3 Bf7 29. Rb8+ Kh7 30. a4 Bd5 31. a5 Rf7 32. a6 Bf8 33. Rb7 Bxc5 $1 34. dxc5 $15 {[%emt 0:00:43][%mdl 4096] Endgame. KRB-KRB} Kg6 35. Bd4 (35. Rb8 $11 {deserves consideration.}) 35... Bc4 $17 36. Rxf7 Kxf7 {[%emt 0:00:07] KB-KB} 37. Be5 Bxa6 {[%emt 0:00:06] [#] And now ...Be2 would win.} 38. Bb8 Ke6 39. Bxa7 Kd5 40. Bb6 Be2 41. Kh2 Kc4 42. Kg1 Kd5 43. Kh2 Kd4 44. Kg1 h5 45. g3 Bc4 46. Kg2 Ke5 47. Bd8 Kf5 48. Ba5 Kg4 49. Bd2 Be2 50. Be3 h4 51. gxh4 Kxh4 52. Kh2 Kg4 53. Kg2 Bc4 54. Kg1 Bd3 55. Kg2 Ba6 56. Kg1 Bc4 57. Kg2 Bd5 58. Kg1 Kh4 59. Kf1 Bc4+ 60. Kg2 Be2 61. Kh2 Kg4 62. Kg2 Kf5 {[%emt 0:00:13] Black is slightly better.} 63. Kg3 Bf3 64. Bd2 Ke5 {Weighted Error Value: White=0.05 (flawless) /Black=0.08 (flawless) .  Mistake:       	White=1     	Black=1      Inaccurate:     	White=4     	Black=3      OK:         	White=25    	Black=22     Best:        	White=3     	---        Strong:       	---       	Black=1} 1/2-1/2

[Event "SixDays Budapest IM-A January 2024"]
[Site "Budapest"]
[Date "2024.01.30"]
[Round "6.4"]
[White "Cieslak, Patryk"]
[Black "Vetokhina, Sofia"]
[Result "1-0"]
[ECO "E73"]
[WhiteElo "2284"]
[BlackElo "2020"]
[Annotator "TA"]
[PlyCount "71"]
[EventDate "2024.01.26"]
[EventType "tourn"]
[EventCountry "HUN"]
[SourceTitle "playchess.com"]
[Source "ChessBase"]
[SourceQuality "1"]
[TimeControl "5400+30"]

1. d4 Nf6 2. c4 g6 3. Nc3 Bg7 4. e4 d6 5. Be2 O-O 6. Be3 c5 7. d5 b5 8. cxb5 (8. Nxb5 Nxe4 9. Rb1 Qa5+ 10. Kf1 Nd7 $17 (10... Qxa2 11. Bd3 $17)) 8... Qa5 9. Bd2 a6 {[%emt 0:11:39] [#] White is better.} 10. b6 Qxb6 $11 11. Nf3 Nbd7 12. O-O a5 (12... Bb7 $11) 13. a4 Ba6 14. Bxa6 Qxa6 15. Qc2 Ne8 16. Nb5 {[%emt 0:01:56][%cal Bc3b5,Bb5a3,Ba3c4][%mdl 32] Repels Nc7} Qb6 17. Ra2 (17. Bc3 $14) 17... Nc7 18. Na3 Ra6 (18... f5 $1 $11) 19. Nc4 Qa7 20. Bg5 f6 21. Bd2 Rb8 (21... f5 $11) 22. Bc3 Nb6 23. Nfd2 {[%emt 0:00:58][%cal Bf3d2,Bd2c4,Bc4e3,Be3g4,Bg4h6][%mdl 32] White is much more active.} Nxc4 24. Nxc4 Na8 25. Qe2 Nb6 26. Ne3 $36 {[%emt 0:00:24][%mdl 2048] White is really pushing.} Qb7 27. f4 Raa8 28. f5 Qa6 29. Qf3 Nc4 (29... g5 $16 {was necessary.}) 30. h4 (30. fxg6 $18 {and White stays clearly on top.} hxg6 31. Nxc4 Qxc4 32. Raa1) 30... Bh6 (30... Rb3 $16 {might work better.}) 31. Ng4 $18 Bd2 32. fxg6 Bxc3 (32... hxg6 33. Bxf6 Rf8) 33. Nh6+ $1 (33. bxc3 hxg6 34. Raf2 (34. h5 Kg7 $16) 34... Ne5 $16) 33... Kh8 34. g7+ $1 {[%emt 0:00:21] White mates.} (34. bxc3 hxg6 35. h5 Ne5 $11) 34... Kxg7 {[%emt 0:00:12] [#]} 35. Qg4+ $1 ({And not} 35. Nf5+ Kh8 36. Qxc3 (36. bxc3 Ne5 $11) 36... Ne5 $11) 35... Kxh6 {[%emt 0:00:18] [#]} 36. Rf5 $1 {[%emt 0:00:04] Weighted Error Value: White=0.18 (very precise) /Black=0.50.  Mistake:       	White=3     	Black=6      Inaccurate:     	White=3     	Black=3      OK:         	White=9     	Black=10     Best:        	White=1     	Black=1      Strong:       	White=1     	---} 1-0

[Event "SixDays Budapest IM-A January 2024"]
[Site "Budapest"]
[Date "2024.01.30"]
[Round "6.5"]
[White "Orso, Miklos"]
[Black "Balla, Tamas-Kristof"]
[Result "1/2-1/2"]
[ECO "B40"]
[WhiteElo "2172"]
[BlackElo "2283"]
[Annotator "TA"]
[PlyCount "24"]
[EventDate "2024.01.26"]
[EventType "tourn"]
[EventCountry "HUN"]
[SourceTitle "playchess.com"]
[Source "ChessBase"]
[SourceQuality "1"]
[TimeControl "5400+30"]

1. e4 c5 2. Nf3 e6 3. c3 Nf6 4. e5 Nd5 5. d4 cxd4 6. cxd4 d6 7. a3 Bd7 8. Bd3 Bc6 9. O-O Nd7 10. Re1 dxe5 11. dxe5 Nc5 (11... Be7 $11) 12. Bc2 $14 a5 {[%emt 0:03:07] Mistake:       	---       	Black=1      OK:         	White=1     	Black=1} 1/2-1/2

[Event "SixDays Budapest IM-A January 2024"]
[Site "Budapest"]
[Date "2024.01.31"]
[Round "7.1"]
[White "Balla, Tamas-Kristof"]
[Black "Kuru, Atilla"]
[Result "1/2-1/2"]
[ECO "A06"]
[WhiteElo "2283"]
[BlackElo "2220"]
[Annotator "RC"]
[PlyCount "208"]
[EventDate "2024.01.26"]
[EventType "tourn"]
[EventCountry "HUN"]
[SourceTitle "playchess.com"]
[Source "ChessBase"]
[SourceQuality "1"]
[TimeControl "5400+30"]

1. Nf3 d5 2. b3 Bf5 3. Bb2 e6 4. g3 Nf6 5. Bg2 h6 6. O-O Nbd7 7. d3 Bd6 8. Nbd2 O-O 9. Re1 Bh7 10. e4 dxe4 11. dxe4 e5 12. Nc4 Qe7 13. Nxd6 cxd6 14. Nh4 Rad8 15. Nf5 Qe6 16. g4 Nc5 17. c4 h5 18. h3 hxg4 19. hxg4 g6 20. Nh6+ Kg7 21. Bc1 Ng8 22. Nxg8 Rxg8 23. Be3 Kh8 24. Qd5 Qxd5 25. exd5 Nd7 26. g5 Kg7 27. Bh3 b6 28. f4 Rge8 29. Bxd7 Rxd7 30. fxe5 dxe5 31. a4 f6 32. gxf6+ Kxf6 33. Rf1+ Kg7 34. Bg5 e4 35. Rae1 Bg8 36. Bf6+ Kf8 37. Kf2 Bxd5 38. cxd5 Rxd5 39. Re3 Kf7 40. Bc3 Rf5+ 41. Ke2 Rxf1 42. Kxf1 g5 43. Rg3 Kg6 44. Bd2 Re5 45. Ke2 Rd5 46. Rg4 Re5 47. Ke3 Kf5 48. Rg1 Rd5 49. Ke2 g4 50. Rf1+ Ke5 51. Bc3+ Kd6 52. Rf6+ Kc5 53. Be1 Rd3 54. b4+ Kd5 55. Rf7 a5 56. bxa5 bxa5 57. Rf5+ Kd4 58. Bxa5 Rb3 59. Be1 g3 60. Rg5 Re3+ 61. Kd1 Ra3 62. a5 Kd3 63. Bd2 g2 64. Rxg2 Ra1+ 65. Bc1 Rxa5 66. Rd2+ Kc4 67. Ke2 Ra1 68. Rc2+ Kd5 69. Ke3 Rb1 70. Rd2+ Ke6 71. Rc2 Kd5 72. Bd2 Rb3+ 73. Ke2 Rh3 74. Be3 Rh2+ 75. Bf2 Rh3 76. Rc5+ Ke6 77. Bd4 Kd6 78. Ra5 Kc6 79. Re5 Rh4 80. Ke3 Kd6 81. Rg5 Ke6 82. Be5 Rh1 83. Bg3 Kf6 84. Rb5 Rh3 85. Kf4 e3 86. Rb6+ Kf7 87. Rb3 e2 88. Re3 Rh6 89. Rxe2 Re6 90. Rd2 Rf6+ 91. Ke4 Ke6 92. Be5 Rg6 93. Rc2 Rg4+ 94. Bf4 Rg6 95. Rc7 Rf6 96. Be5 Rg6 97. Ra7 Rg4+ 98. Bf4 Rg6 99. Rb7 Rf6 100. Bg5 Rg6 101. Rb5 Kd7 102. Rb7+ Kc6 103. Kf5 Rxg5+ 104. Kxg5 Kxb7 1/2-1/2